 Dungeon Crawl Stone Soup version 0.23.2-33-g5129a83184 (webtiles) character file.

Game seed: 13271274319106157600

21 DorianNounverber the Magician (level 2, 0/15 HPs)
             Began as a Deep Elf Wizard on July 7, 2019.
             Slain by an adder (1 damage)
             ... on level 1 of the Dungeon.
             The game lasted 00:02:34 (821 turns).

DorianNounverber the Magician (Deep Elf Wizard)      Turns: 821, Time: 00:02:34

Health: 0/15       AC:  2    Str:  4    XL:     2   Next: 62%
Magic:  1/10       EV: 13    Int: 22    God:
Gold:   70         SH:  0    Dex: 15    Spells: 10/11 levels left

rFire    . . .     SeeInvis .   (no weapon)
rCold    . . .     Gourm    .   (no shield)
rNeg     . . .     Faith    .   a - +0 robe
rPois    .         Spirit   .   b - +0 hat
rElec    .         Reflect  .   (no cloak)
rCorr    .         Harm     .   (no gloves)
MR       .....                  (no boots)
Stlth    +.........             (no amulet)
HPRegen  0.05/turn              f - +2 ring of dexterity
MPRegen  0.12/turn              h - ring of attention (curse)

@: very slightly contaminated
A: no striking features
a: no special abilities


You were on level 1 of the Dungeon.
You were not hungry.

You visited 1 branch of the dungeon, and saw 2 of its levels.

You collected 70 gold pieces.

Inventory:

Armour
 a - a +0 robe (worn)
 b - a +0 hat (worn)
Jewellery
 f - a +2 ring of dexterity (left hand)
 h - a cursed ring of attention (right hand)
Potions
 c - a potion of resistance {unknown}
 e - 2 potions of lignification {unknown}
Comestibles
 d - a ration


   Skills:
 + Level 2.6 Dodging
 + Level 2.5 Stealth
 + Level 5.4 Spellcasting
 + Level 1.1 Conjurations
   Level 1.1 Summonings
   Level 1.1 Translocations


You had 10 spell levels left.
You knew the following spells:

 Your Spells              Type           Power        Failure   Level  Hunger
a - Magic Dart            Conj           ##..         6%          1    None

Your spell library contained the following spells:

 Spells                   Type           Power        Failure   Level  Hunger
 Blink                    Tloc           N/A          10%         2    None
 Call Imp                 Summ           ##......     10%         2    None
 Slow                     Hex            #.......     14%         2    None
 Conjure Flame            Conj/Fire      #.......     22%         3    ##.....
 Mephitic Cloud           Conj/Pois/Air  #.......     24%         3    ##.....


Dungeon Overview and Level Annotations

Branches:
Dungeon (2/15)

Altars:


Message History

The adder misses you.
There is a stone staircase leading up here.
The jackal barely misses you. The adder barely misses you.
The jackal bites you.
You climb upwards.
There is a stone staircase leading down here.
The jackal bites you. The adder bites you.
* * * LOW HITPOINT WARNING * * *
The jackal misses you.
Casting: Magic Dart (safe; 6% risk of failure)
Confirm with . or Enter, or press ? or * to list all spells.
Aiming: Magic Dart (safe; 6% risk of failure)
Press: ? - help, Shift-Dir - straight line, f - adder
Aim: an adder The magic dart hits the adder.
The adder is moderately wounded.
The jackal bites you.
* * * LOW HITPOINT WARNING * * *
The adder bites you.
You die...

####.#####.# ####.#####.#
.........†.# ### #####
####.####### ###.###....
#..[#
#############..#..#.###
#.###
#..........##.###.....#
##.##
##..#.#.>##.##..#..#.#.#
#...#
#.....#Sh........#.#.#.#
#...#
#......@.##.##.###...(..
#...#
#.....#..##.##.###..##.#
#...#
#...........##.(....##.#
#...#
#.......###########.##..
#...######........##.....#
#.###)
.............#.##.##.....#
#.....
.............#...........#
#####.
..........#....##.##.....#
##.
#...#.#####.##.##.##.>...#
##.#


You could see an adder and a jackal.

Vanquished Creatures
  A dart slug (D:1)
  2 ball pythons (D:1)
  2 giant cockroaches (D:1)
  A goblin (D:1)
  A hobgoblin (D:1)
  2 jackals (D:2)
  3 kobolds (D:1)
  A bat (D:1)
  A frilled lizard (D:1)
  4 rats (D:1)
18 creatures vanquished.

Notes
Turn   | Place    | Note
-------+----------+-------------------------------------------
     0 | D:1      | DorianNounverber the Deep Elf Wizard began the quest for
                  | the Orb.
     0 | D:1      | Reached XP level 1. HP: 10/10 MP: 7/7
   236 | D:1      | Reached skill level 5 in Spellcasting
   299 | D:1      | Reached XP level 2. HP: 15/15 MP: 2/10
   821 | D:1      | Slain by an adder

Skill      XL: |  1 |
---------------+----+-----
Spellcasting   | 5 |  5.4
Dodging        | |  2.6
Stealth        | |  2.5
Conjurations   | |  1.1
Summonings     | |  1.1
Translocations | |  1.1

Action                   || total
-------------------------++-------
 Cast: Magic Dart        ||    44
  Use: Scroll            ||     2
Armor: Robe              ||     1
Dodge: Dodged            ||    13
